 Dungeon Crawl Stone Soup version 0.30.0-5-g1a98f26d00 (webtiles) character file.

Game seed: 18070281237238133070

210 Edyrem the Trooper (level 6, -1/51 HPs)
             Began as a Formicid Fighter on May 10, 2023.
             Slain by a scorpion (4 damage)
             ... on level 3 of the Dungeon.
             The game lasted 00:07:20 (2611 turns).

Edyrem the Trooper (Formicid Fighter)               Turns: 2611, Time: 00:07:20

Health: -1/51      AC: 11    Str: 20 (22) XL:     6   Next: 12%
Magic:  6/6        EV:  8    Int:  7 (8)  God:
Gold:   153        SH:  0    Dex: 11 (13) Spells: 5/5 levels left

rFire   . . .        a - +0 trident
rCold   . . .        (no shield)
rNeg    . . .        n - +1 chain mail of the Valley {Rampage +Blink Will+}
rPois   .            (helmet unavailable)
rElec   .            (no cloak)
rCorr   .            (no gloves)
SInv    +            f - +0 pair of boots
Will    +....        (no amulet) Stlth
                     (no ring)
HPRegen 0.28/turn    (no ring)
MPRegen 0.10/turn

%: rampage
@: lethally poisoned (-1 -> -11)
A: permanent stasis, dig shafts and tunnels, antennae 3, four strong arms
a: Dig, Shaft Self


You were on level 3 of the Dungeon.
You visited 1 branch of the dungeon, and saw 4 of its levels.

You collected 153 gold pieces.

Inventory:

Hand Weapons
 a - a +0 trident (weapon)
 b - a +0 halberd
 i - a +0 battleaxe
Missiles
 q - 10 poisoned darts (quivered)
Armour
 c - a +0 buckler
 f - a +0 pair of boots (worn)
 n - the +1 chain mail of the Valley (worn) {Rampage +Blink Will+}
   (You found it on level 3 of the Dungeon)

   +Blink:    It lets you blink.
   Rampage:   It bestows one free step when moving towards enemies.
   Will:      It increases your willpower.
Magical Staves
 h - a staff of earth
Scrolls
 o - a scroll of magic mapping {unknown}
 p - a scroll of identify {unknown}
 r - a scroll of immolation {unknown}
 s - a scroll of butterflies {unknown}
Potions
 d - a potion of mutation {unknown}
 e - 2 potions of haste {unknown}
 g - 2 potions of degeneration
 k - 3 potions of heal wounds {unknown}
 l - a potion of curing {unknown}
 m - 2 potions of flight {unknown}
 t - a potion of magic {unknown}


   Skills:
 + Level 5.1 Fighting
 * Level 4.3 Polearms
 - Level 3.2 Armour
 - Level 4.6 Shields


You had 5 spell levels left.
You didn't know any spells.
Your spell library was empty.

Dungeon Overview and Level Annotations

Branches:
Dungeon (4/15)
 Temple: D:4-7

Altars:
Hepliaklqana
Uskayaw

Shops:
D:2 (

Annotations:
D:3 Sigmund


Innate Abilities, Weirdness & Mutations

You cannot be hasted, slowed, berserked, paralysed or teleported.
You can dig through walls and to a lower floor.
You have a pair of large antennae on your head. (SInv)
Your four strong arms can wield two-handed weapons with a shield.


Message History

You barely miss the hound.
You feel sick. The hound bites you but does no damage.
The hound barely misses you.
The scorpion stings you but does no damage.
You barely miss the hound.
You feel sick. The hound closely misses you. The scorpion stings you.
The hound bites you but does no damage.
You feel sick. The hound bites you but does no damage.
The scorpion attacks as you move away!
The scorpion stings you but does no damage.
The hound attacks as you move away! The hound bites you.
You feel sick. The hound bites you. The scorpion barely misses you.
You feel sick.
The scorpion stings you but does no damage.
The scorpion attacks as you move away! The scorpion barely misses you.
The hound attacks as you move away! The hound closely misses you.
You feel sick. The hound barely misses you. The hound attacks as you move away!
The hound barely misses you.
You feel sick.
You are no longer poisoned.
There is a stone staircase leading up here.
The hound bites you but does no damage. The scorpion barely misses you.
The hound bites you.
* * * LOW HITPOINT WARNING * * *
You climb upwards.
Level annotation: Sigmund
There is a stone staircase leading down here.
It was a potion of degeneration.
There was something very wrong with that liquid.
You feel weakened.
You feel dopey.
You feel clumsy.
The scorpion stings you but does no damage.
The hound barely misses you. The scorpion stings you.
* * * LOW HITPOINT WARNING * * *
You are lethally poisoned!
The scorpion poisons you!
As you read the scroll labelled LIWOOX DAMUM, it crumbles to dust.
Your body is wracked with pain!
* * * LOW HITPOINT WARNING * * *
The scorpion convulses!
The hound convulses!
It was a scroll of torment.
* * * LOW HITPOINT WARNING * * *
You feel very sick. The hound closely misses you. The scorpion stings you.
You die...

.....)........#
..............#
....#.......[.#
....#.........#
....#.........#
....#.##.######
#####......##
.#..#..###..######
.#..#........>..@#
###'####.......hs#
....†..#.........#
....#..#.........#
†...##†#.........#
....#..#.........#
....'..#.........#
###'####.........#
.#..#.############


You could see a scorpion and a hound.

Vanquished Creatures
  An iguana (D:4)
  An orc wizard (D:3)
  8 adders
  3 gnolls (D:2)
  2 dart slugs
  3 orcs (D:3)
  11 ball pythons
  4 bats
  5 endoplasms
  A giant cockroach (D:1)
  2 goblins
  3 hobgoblins
  5 kobolds
  2 quokkas
  4 frilled lizards
  5 rats
60 creatures vanquished.

Notes
Turn   | Place    | Note
-------+----------+-------------------------------------------
     0 | D:1      | Edyrem the Formicid Fighter began the quest for the Orb.
     0 | D:1      | Reached XP level 1. HP: 18/18 MP: 1/1
   117 | D:1      | Reached XP level 2. HP: 16/24 MP: 2/2
   640 | D:1      | Reached XP level 3. HP: 30/30 MP: 3/3
   805 | D:2      | Reached skill level 4 in Fighting
   829 | D:2      | Found Faol's Antique Weapon Emporium.
   964 | D:2      | Reached XP level 4. HP: 11/38 MP: 4/4
  1863 | D:3      | Identified the +1 chain mail of the Valley {Rampage +Blink
                  | Will+}
  2074 | D:3      | Reached XP level 5. HP: 43/43 MP: 5/5
  2426 | D:3      | Reached skill level 5 in Fighting
  2511 | D:3      | Found a hazy altar of Hepliaklqana.
  2511 | D:3      | Noticed Sigmund
  2592 | D:4      | Found a hide-covered altar of Uskayaw.
  2599 | D:4      | Reached XP level 6. HP: 47/51 MP: 6/6
  2611 | D:3      | Slain by a scorpion

Illustrated notes

Levels and vault maps discovered:
D:1:      dpeg_arrival_pits, layout_loops_corners, minmay_crystal_water
D:2:      layout_basic, serial_shops, nicolae_shop_tiny_waterfront,
          minivault_23, minivault_23, minmay_pentomino_x2
D:3:      layout_rooms, nicolae_overflow_hidden_temple, minmay_snake_closets,
          uniq_sigmund
D:4:      layout_cave_pools, lightli_temple_of_fire, mainiacjoe_overflow_paths,
          mainiacjoe_overflow_small_starburst,
          mainiacjoe_overflow_concentric_impassable, kennysheep_generic_room_4

Skill      XL: |  1  2  3  4  5 |
---------------+----------------+-----
Fighting       | 4 5 |  5.1
Polearms       | 3 4 |  4.3
Armour         | |  3.2
Shields        | |  4.6

Action                     |  1- 3 |  4- 6 || total
---------------------------+-------+-------++-------
  Melee: Trident           |    80 |    63 ||   143
         Punch             |     2 |       ||     2
         Halberd           |       |    73 ||    73
    Use: Potion            |     1 |     1 ||     2
         Scroll            |       |     2 ||     2
 Armour: Scale mail        |    28 |    16 ||    44
         Chain mail        |       |    78 ||    78
  Dodge: Dodged            |    26 |    79 ||   105
  Block: Buckler           |     3 |       ||     3
